[ AOE2 MATCH · #474257935 ]
1v1 EWSicilians vs Japanese
Player's team · WIN
Rival team · LOSS
[ REPLAY ANALYSIS · EXTRACTED FROM THE RECORDED GAME ]
Feudal
—
Castle
14:00
Imperial
—
| APM avg | 20.3 |
| APM peak | 39 |
| eAPM avg | 15.8 |
| Villagers / military | 40 / 59 |
Focus
⚔️ 38.0% · 🌾 62.0%
Serjeant ×37 · Knight ×21 · Monk ×1
Feudal
—
Castle
18:56
Imperial
—
| APM avg | 26.4 |
| APM peak | 58 |
| eAPM avg | 22.0 |
| Villagers / military | 46 / 100 |
Focus
⚔️ 40.2% · 🌾 59.8%
Archer ×44 · Militia ×37 · Spearman ×19
Match map
Initial resources + every placement click. Lines = walls · curves = elevation contours. ◆ gold · ⬟ stone · ● berries · ✦ relic · ◌ wall gap
Your base· Open — 5t gap
#Strobe's base· Open — 4t gap
Smoothed initial terrain · ◌ = detected wall gap · hover for details
Inputs per minute
— marijndestoyer - - #Strobe
Build order — marijndestoyer
First 150 of 183 actions detected
| 0:03 | Create | Villager (Male) |
| 0:03 | Create | Villager (Male) |
| 0:11 | Research | Double-Bit Axe |
| 0:33 | Build | Donjon |
| 0:38 | Build | Farm |
| 0:39 | Create | Villager (Male) |
| 0:48 | Build | Mining Camp |
| 0:58 | Build | House |
| 0:59 | Build | House |
| 1:00 | Build | House |
| 1:04 | Build | House |
| 1:05 | Build | House |
| 1:07 | Build | House |
| 1:22 | Create | Villager (Male) |
| 1:22 | Create | Villager (Male) |
| 1:39 | Research | Scale Mail Armor |
| 2:11 | Create | Serjeant |
| 2:12 | Create | Serjeant |
| 2:13 | Create | Serjeant |
| 2:17 | Create | Villager (Male) |
| 2:21 | Create | Villager (Male) |
| 2:26 | Build | Farm |
| 2:33 | Create | Serjeant |
| 2:42 | Build | Farm |
| 2:44 | Create | Villager (Male) |
| 3:08 | Build | Farm |
| 3:08 | Build | Farm |
| 3:08 | Build | Farm |
| 3:09 | Build | Farm |
| 3:10 | Build | Farm |
| 3:10 | Build | Farm |
| 3:25 | Create | Serjeant |
| 3:26 | Create | Serjeant |
| 3:43 | Build | Farm |
| 3:44 | Create | Villager (Male) |
| 3:48 | Create | Serjeant |
| 4:05 | Create | Villager (Male) |
| 4:09 | Create | Serjeant |
| 4:28 | Research | Forging |
| 4:46 | Create | Villager (Male) |
| 4:47 | Create | Villager (Male) |
| 4:55 | Create | Serjeant |
| 5:23 | Build | Donjon |
| 5:37 | Create | Serjeant |
| 5:37 | Create | Serjeant |
| 5:38 | Create | Serjeant |
| 5:51 | Create | Villager (Male) |
| 6:16 | Build | Donjon |
| 6:23 | Create | Serjeant |
| 6:23 | Create | Serjeant |
| 6:27 | Build | Farm |
| 6:30 | Research | Horse Collar |
| 6:38 | Build | Farm |
| 6:39 | Build | Farm |
| 6:39 | Build | Farm |
| 6:40 | Build | Farm |
| 6:41 | Build | Farm |
| 6:41 | Build | Farm |
| 6:42 | Build | Farm |
| 6:48 | Research | Wheelbarrow |
| 7:24 | Build | Donjon |
| 8:22 | Create | Serjeant |
| 8:22 | Create | Serjeant |
| 8:23 | Create | Serjeant |
| 8:30 | Create | Serjeant |
| 8:30 | Create | Serjeant |
| 8:32 | Research | Fletching |
| 8:59 | Build | House |
| 9:01 | Build | House |
| 9:02 | Build | House |
| 9:03 | Build | House |
| 9:04 | Build | House |
| 9:13 | Build | House |
| 9:14 | Build | House |
| 9:15 | Build | Palisade Gate |
| 9:16 | Build | House |
| 9:23 | Create | Villager (Male) |
| 10:05 | Create | Villager (Male) |
| 10:09 | Build | Stable |
| 10:19 | Create | Villager (Male) |
| 10:24 | Build | Lumber Camp |
| 10:28 | Create | Villager (Male) |
| 10:34 | Create | Serjeant |
| 10:56 | Research | Castle Age |
| 11:02 | Build | Stable |
| 11:06 | Research | Scale Barding Armor |
| 11:20 | Build | House |
| 11:21 | Build | House |
| 11:23 | Build | House |
| 11:24 | Build | House |
| 11:26 | Build | Palisade Gate |
| 11:28 | Build | House |
| 11:30 | Build | House |
| 11:32 | Build | House |
| 11:34 | Build | Palisade Wall |
| 11:55 | Research | Stone Mining |
| 12:01 | Create | Serjeant |
| 12:02 | Create | Serjeant |
| 12:07 | Create | Serjeant |
| 12:07 | Create | Serjeant |
| 12:08 | Create | Serjeant |
| 12:32 | Build | Palisade Wall |
| 12:34 | Build | Palisade Wall |
| 12:37 | Build | Palisade Wall |
| 13:16 | Create | Serjeant |
| 13:16 | Create | Serjeant |
| 13:17 | Create | Serjeant |
| 13:26 | Build | Stable |
| 13:32 | Create | Serjeant |
| 13:33 | Create | Serjeant |
| 14:00 | Age | Castle Age |
| 14:11 | Build | Castle |
| 14:18 | Create | Knight |
| 14:18 | Create | Knight |
| 14:19 | Create | Knight |
| 14:37 | Create | Villager (Male) |
| 14:42 | Build | Town Center |
| 14:56 | Create | Knight |
| 14:56 | Create | Knight |
| 15:08 | Build | Town Center |
| 15:09 | Create | Villager (Male) |
| 15:10 | Create | Villager (Male) |
| 15:40 | Create | Villager (Male) |
| 15:42 | Create | Villager (Male) |
| 15:51 | Research | Husbandry |
| 16:05 | Build | Monastery |
| 16:06 | Create | Villager (Male) |
| 16:07 | Create | Villager (Male) |
| 16:07 | Create | Villager (Male) |
| 16:12 | Create | Villager (Male) |
| 16:25 | Create | Villager (Male) |
| 16:25 | Create | Villager (Male) |
| 16:37 | Create | Knight |
| 16:40 | Create | Villager (Male) |
| 16:43 | Research | Hand Cart |
| 17:01 | Create | Monk |
| 17:18 | Build | Farm |
| 17:19 | Create | Villager (Male) |
| 17:23 | Build | Farm |
| 17:32 | Create | Villager (Male) |
| 17:33 | Create | Villager (Male) |
| 17:37 | Create | Villager (Male) |
| 17:38 | Create | Villager (Male) |
| 17:53 | Build | Mining Camp |
| 18:00 | Research | Chain Barding Armor |
| 18:06 | Build | Farm |
| 18:10 | Build | Farm |
| 18:14 | Build | Farm |
| 18:18 | Create | Villager (Male) |
| 18:20 | Create | Villager (Male) |
Build order — #Strobe
First 150 of 214 actions detected
| 0:00 | Create | Villager (Male) |
| 0:10 | Create | Villager (Male) |
| 0:15 | Build | Archery Range |
| 0:16 | Create | Villager (Male) |
| 0:43 | Create | Villager (Male) |
| 0:43 | Create | Villager (Male) |
| 0:43 | Create | Villager (Male) |
| 0:44 | Create | Villager (Male) |
| 0:55 | Build | House |
| 1:05 | Build | Archery Range |
| 1:15 | Build | House |
| 1:17 | Create | Villager (Male) |
| 1:17 | Create | Villager (Male) |
| 1:40 | Create | Archer |
| 1:40 | Create | Archer |
| 1:40 | Create | Archer |
| 1:43 | Create | Archer |
| 1:43 | Create | Archer |
| 1:48 | Create | Archer |
| 1:48 | Create | Archer |
| 1:59 | Research | Padded Archer Armor |
| 1:59 | Research | Fletching |
| 2:01 | Create | Archer |
| 2:02 | Create | Archer |
| 2:14 | Build | House |
| 2:15 | Build | House |
| 2:16 | Build | House |
| 2:20 | Create | Villager (Male) |
| 2:28 | Create | Archer |
| 2:29 | Create | Archer |
| 3:07 | Research | Fletching |
| 3:13 | Create | Villager (Male) |
| 3:13 | Create | Villager (Male) |
| 3:14 | Create | Villager (Male) |
| 3:14 | Create | Villager (Male) |
| 3:14 | Create | Villager (Male) |
| 3:27 | Create | Villager (Male) |
| 3:40 | Create | Archer |
| 3:40 | Create | Archer |
| 3:40 | Create | Archer |
| 3:41 | Create | Archer |
| 3:48 | Build | Archery Range |
| 4:17 | Create | Archer |
| 4:17 | Create | Archer |
| 4:20 | Research | Gold Mining |
| 4:20 | Research | Gold Mining |
| 4:20 | Research | Gold Mining |
| 4:30 | Create | Archer |
| 4:41 | Create | Archer |
| 4:41 | Create | Archer |
| 4:49 | Create | Villager (Male) |
| 4:49 | Create | Villager (Male) |
| 5:18 | Create | Archer |
| 5:18 | Create | Archer |
| 5:18 | Create | Archer |
| 5:19 | Create | Archer |
| 5:19 | Create | Archer |
| 5:43 | Create | Archer |
| 5:43 | Create | Archer |
| 5:44 | Create | Archer |
| 5:44 | Create | Archer |
| 5:56 | Create | Villager (Male) |
| 5:56 | Create | Villager (Male) |
| 5:56 | Create | Villager (Male) |
| 5:56 | Create | Villager (Male) |
| 5:57 | Create | Villager (Male) |
| 5:57 | Create | Villager (Male) |
| 5:57 | Create | Villager (Male) |
| 5:57 | Create | Villager (Male) |
| 6:29 | Create | Archer |
| 6:29 | Create | Archer |
| 6:29 | Create | Archer |
| 6:30 | Create | Archer |
| 6:31 | Create | Archer |
| 6:31 | Create | Archer |
| 6:56 | Create | Militia |
| 6:56 | Create | Militia |
| 7:08 | Build | Mill |
| 7:12 | Build | House |
| 7:13 | Build | House |
| 7:38 | Create | Villager (Male) |
| 7:40 | Build | House |
| 8:25 | Create | Villager (Male) |
| 8:30 | Build | Mill |
| 8:42 | Build | Lumber Camp |
| 8:46 | Build | Farm |
| 8:49 | Research | Double-Bit Axe |
| 9:02 | Create | Archer |
| 9:02 | Create | Archer |
| 9:02 | Create | Archer |
| 9:03 | Create | Archer |
| 9:03 | Create | Archer |
| 9:03 | Create | Archer |
| 9:23 | Build | Barracks |
| 9:28 | Build | Barracks |
| 9:32 | Create | Villager (Male) |
| 9:46 | Build | Mill |
| 9:57 | Research | Scale Mail Armor |
| 9:57 | Research | Forging |
| 10:02 | Research | Arson |
| 10:02 | Research | Man-at-Arms (upgrade) |
| 10:21 | Create | Militia |
| 10:21 | Create | Militia |
| 10:22 | Create | Militia |
| 10:22 | Create | Militia |
| 10:22 | Create | Militia |
| 10:22 | Create | Militia |
| 10:22 | Create | Militia |
| 10:23 | Create | Militia |
| 10:23 | Create | Militia |
| 10:23 | Create | Militia |
| 10:27 | Create | Militia |
| 10:35 | Build | House |
| 10:42 | Build | House |
| 10:43 | Build | House |
| 10:43 | Build | House |
| 10:44 | Build | House |
| 10:44 | Build | House |
| 10:44 | Build | House |
| 10:44 | Build | House |
| 10:44 | Build | House |
| 10:46 | Create | Villager (Male) |
| 11:01 | Create | Villager (Male) |
| 11:03 | Create | Militia |
| 11:51 | Create | Militia |
| 11:51 | Create | Militia |
| 11:52 | Create | Militia |
| 11:55 | Create | Archer |
| 11:55 | Create | Archer |
| 11:55 | Create | Archer |
| 11:58 | Create | Militia |
| 11:58 | Create | Militia |
| 11:59 | Create | Militia |
| 12:08 | Build | House |
| 12:09 | Build | House |
| 12:10 | Build | House |
| 12:13 | Build | House |
| 12:37 | Create | Villager (Male) |
| 12:37 | Create | Villager (Male) |
| 12:37 | Create | Villager (Male) |
| 12:37 | Create | Villager (Male) |
| 12:51 | Create | Villager (Male) |
| 13:01 | Build | Mill |
| 13:27 | Create | Villager (Male) |
| 13:34 | Build | Farm |
| 13:35 | Research | Horse Collar |
| 14:33 | Build | Farm |
| 14:33 | Build | Farm |
| 14:34 | Build | Farm |
| 14:34 | Build | Farm |
Match timeline
| 0:15 | #Strobe · first_building Archery Range |
| 0:33 | marijndestoyer · first_building Donjon |
| 9:23 | #Strobe · first_building Barracks |
| 10:09 | marijndestoyer · first_building Stable |
| 11:34 | marijndestoyer · wall_segment Palisade Wall x1 |
| 12:32 | marijndestoyer · wall_segment Palisade Wall x1 |
| 12:34 | marijndestoyer · wall_segment Palisade Wall x1 |
| 12:37 | marijndestoyer · wall_segment Palisade Wall x1 |
| 14:00 | marijndestoyer · age_up castle |
| 14:11 | marijndestoyer · first_building Castle |
| 16:05 | marijndestoyer · first_building Monastery |
| 18:56 | #Strobe · age_up castle |
| 20:23 | #Strobe · first_building Castle |
| 21:50 | marijndestoyer · first_building Siege Workshop |
| 22:06 | #Strobe · resign |
[ AI ANALYSIS · 1 CREDIT ]
What really happened in this match?
Wolo.gg analyzes every decision: build order, eco, micro, common mistakes by bracket. Personalized analysis on WhatsApp or Discord in 30 seconds.
Civ guide
Sicilians
Map guide
Rampart
Perfil
Jugador #229529